 Dungeon Crawl Stone Soup version 0.28-a0-43-g560ac104fe (webtiles) character file.

Game seed: 3416603436978312090

171 Lekart the Skirmisher (level 5, -13/47 HPs)
             Began as a Draconian Chaos Knight on July 28, 2021.
             Was a Plaything of Xom.
             Mangled by Grinder the chaos spawn (14 damage)
             ... on level 3 of the Dungeon.
             The game lasted 00:03:25 (2973 turns).

Lekart the Skirmisher (Draconian Chaos Knight)      Turns: 2973, Time: 00:03:25

Health: -13/47     AC:  5    Str: 15    XL:     5   Next: 26%
Magic:  2/5        EV:  9    Int: 12    God:    Xom [.*....]
Gold:   142        SH:  8    Dex: 11    Spells: 4/4 levels left

rFire   . . .      SeeInvis .   a - +0 falchion (chaos)
rCold   . . .      Faith    .   e - +0 kite shield
rNeg    . . .      Spirit   .   (armour unavailable)
rPois   .          Reflect  .   (helmet restricted)
rElec   .          Harm     .   (no cloak)
rCorr   .          Rampage  .   (no gloves)
Will    .....                   (no boots)
Stlth   +.........              (no amulet)
HPRegen 0.15/turn               (no ring)
MPRegen 0.09/turn               (no ring)

@: no status effects
A: AC +5, unfitting armour, cold-blooded
a: Renounce Religion


You were on level 3 of the Dungeon.
You worshipped Xom.
You were a plaything of Xom.
You visited 1 branch of the dungeon, and saw 3 of its levels.

You collected 142 gold pieces.

Inventory:

Hand Weapons
 a - a +0 falchion of chaos (weapon)
Armour
 e - a +0 kite shield (worn)
Jewellery
 h - a ring of wizardry
 i - a ring of fire
Wands
 f - a wand of iceblast (8)
Scrolls
 b - a scroll of enchant weapon {unknown}
 c - a scroll of identify
Potions
 g - a potion of curing


   Skills:
 + Level 4.6 Fighting
 + Level 4.3 Long Blades
 + Level 2.6 Dodging
 * Level 1.8 Shields


You had 4 spell levels left.
You didn't know any spells.
Your spell library contained the following spells:

 Spells                   Type           Power      Damage    Failure   Level
 Corpse Rot               Necr/Air       N/A        N/A       95%         2
 Airstrike                Air            0%         N/A       100%        4
 Dispel Undead            Necr           0%         3d6       100%        4
 Summon Lightning Spire   Summ/Air       0%         N/A       100%        4
 Lightning Bolt           Conj/Air       0%         1d11      100%        5
 Death Channel            Necr           0%         N/A       100%        6


Dungeon Overview and Level Annotations

Branches:
Dungeon (3/15)

Altars:
Nemelex Xobeh

Annotations:
D:3 Grinder


Innate Abilities, Weirdness & Mutations

Your plain brown scales are hard. (AC +5)
You cannot fit into any form of body armour.
You are cold-blooded and may be slowed by cold attacks.


Message History

"Over there now!"
Grinder blinks!
You start waiting.
A quokka is nearby!
You slash the quokka! You freeze the quokka.
You kill the quokka!
Grinder gestures at you. Pain shoots through your body!
Aiming: Iceblast
Press: ? - help, Shift-Dir - straight line, f - Grinder
Aim: Grinder The mass of ice explodes!
The iceblast engulfs Grinder.
Grinder partially resists.
Grinder is lightly wounded.
You hear Xom's avuncular chuckle.
Grinder evaporates and reforms as a chaos spawn!
Aiming: Iceblast
Press: ? - help, Shift-Dir - straight line, f/p - Grinder
Aim: Grinder the chaos spawn The mass of ice explodes!
The iceblast engulfs Grinder!
Grinder is moderately wounded.
You hit Grinder but do no damage.
Grinder is lightly wounded.
Grinder gores you! Grinder shocks you!
You closely miss Grinder.
Grinder is lightly wounded.
Grinder gores you.
You closely miss Grinder.
Your tail-slap misses Grinder.
Grinder is lightly wounded.
Grinder gibbers incoherently in a cacophony of voices.
You block Grinder's attack. Grinder gores you!
* * * LOW HITPOINT WARNING * * *
You feel your power leaking away.
There is a stone staircase leading up, spattered with blood here.
Okay, then.
You open the door. Grinder gores you!
* * * LOW HITPOINT WARNING * * *
Grinder freezes you!
You die...
Xom guffaws!

#.# .# #.# .# #.# ..
#.# #.# ######.#
######......#
#...##.####4##
#<#....# #.@#
#...#### ##'# # ##.##
... ######.#####
..... ...r.......#
...#...
.........#.+..#.....#
#..#####.# #.....#=.+
#..# .# #...#....#
#..# ..


You could see Grinder the chaos spawn.

Vanquished Creatures
  A scorpion (D:2)
  Jessica (D:2)
  2 adders
  2 worms
  2 orcs (D:3)
  8 ball pythons
  7 endoplasms
  4 giant cockroaches
  6 goblins
  5 hobgoblins
  7 jackals
  A quokka (D:3)
  5 bats
  2 frilled lizards
  2 kobolds
  2 rats
57 creatures vanquished.

Notes
Turn   | Place    | Note
-------+----------+-------------------------------------------
     0 | D:1      | Lekart the Draconian Chaos Knight began the quest for the
                  | Orb.
     0 | D:1      | Reached XP level 1. HP: 19/19 MP: 1/1
   175 | D:1      | Found a faded altar of an unknown god.
   274 | D:1      | XOM: potion effect (brilliance)
   387 | D:1      | XOM: silly message
   416 | D:1      | Reached XP level 2. HP: 21/27 MP: 2/2
   487 | D:1      | XOM: divination: magic mapping
   940 | D:2      | XOM: 1-stop teleportation journey
  1010 | D:2      | XOM: 2-stop teleportation journey
  1052 | D:2      | Reached XP level 3. HP: 15/33 MP: 3/3
  1151 | D:2      | XOM: god gift: wand of iceblast (12)
  1480 | D:2      | Noticed a scorpion
  1489 | D:2      | Killed a scorpion
  1490 | D:2      | Reached skill level 1 in Shields
  1490 | D:2      | Reached XP level 4. HP: 22/40 MP: 4/4
  1941 | D:2      | Noticed Jessica
  1945 | D:2      | Killed Jessica
  2035 | D:2      | XOM: scenery: summon butterflies
  2416 | D:3      | Reached XP level 5. HP: 47/47 MP: 5/5
  2542 | D:3      | Found a sparkling altar of Nemelex Xobeh.
  2565 | D:3      | XOM: enchant monster (bad)
  2691 | D:3      | Noticed Grinder
  2703 | D:3      | XOM: enchant monster (good)
  2951 | D:3      | XOM: blink monster(s)
  2955 | D:3      | Noticed Grinder
  2955 | D:3      | Grinder changed into Grinder the chaos spawn
  2955 | D:3      | XOM: polymorph Grinder -> Grinder the chaos spawn
  2973 | D:3      | HP: 1/47 [Grinder the chaos spawn (15)]
  2973 | D:3      | Mangled by Grinder the chaos spawn

Illustrated notes

Levels and vault maps discovered:
D:1:      dpeg_arrival_windows_large_door, layout_basic,
          hellmonk_ecumenical_altar_pennies_from_heaven
D:2:      layout_basic, nrook_campfire, st_stairs_14, chequers_arboretum,
          minmay_tromino_i4, uniq_jessica
D:3:      layout_loops_ring, nemelex_spade_bored_becter,
          kennysheep_another_room, uniq_grinder

Skill      XL: |  1  2  3 |
---------------+----------+-----
Fighting       | 4 |  4.6
Long Blades    | 4 |  4.3
Shields        | 1 |  1.8
Dodging        | |  2.6

Action                   |  1- 3 |  4- 6 || total
-------------------------+-------+-------++-------
Melee: Falchion          |    81 |    83 ||   164
       Tailslap          |     6 |     8 ||    14
Evoke: Wand              |     2 |     2 ||     4
  Use: Scroll            |       |     3 ||     3
       Potion            |       |     1 ||     1
 Stab: Sleeping          |     1 |       ||     1
Armor: Skin              |    20 |    28 ||    48
Dodge: Dodged            |    67 |    44 ||   111
Block: Buckler           |    12 |    18 ||    30
       Kite shield       |       |    10 ||    10
       Rpst.: Falchion   |    21 |    16 ||    37

Table legend: (Time is in decaauts)
 A = Elapsed time spent in this place.
 B = Non-inter-level travel time spent in this place.
 C = Inter-level travel time spent in this place.
 D = Time resting spent in this place.
 E = Time spent auto-exploring this place.
 F = Levels seen in this place.
 G = Mean time per level.
                   A        B        C        D        E       F      G
               +--------+--------+--------+--------+--------+-----+--------+
         Total |   3011 |   2893 |    118 |    540 |   1917 |   3 | 1003.7 |
       Dungeon |   3011 |   2893 |    118 |    540 |   1917 |   3 | 1003.7 |
               +--------+--------+--------+--------+--------+-----+--------+

Top non-repeatable levels by time:
     D:2: 1758 daAuts
     D:1: 753 daAuts
     D:3: 499 daAuts
